 Dungeon Crawl Stone Soup version 0.22-b1-59-g0aedee7 (webtiles) character file.

11241 Gremour the Carver (level 11, -3/77 HPs)
             Began as a Demonspawn Chaos Knight on Aug 7, 2018.
             Slain by an ogre mage
             ... wielding a +0 spear of flaming
              (11 damage)
             ... in a volcano on Aug 9, 2018.
             The game lasted 01:50:57 (15274 turns).

Gremour the Carver (Demonspawn Chaos Knight)       Turns: 15274, Time: 01:50:58

Health: -3/77      AC: 14    Str: 11 (13) XL:     11   Next: 46%
Magic:  12/12      EV: 10    Int: 15 (17) God:    Xom [.....*]
Gold:   816        SH: 15    Dex: 12 (17) Spells: 10/12 levels left

rFire    + . .     SeeInvis .   a - +3 falchion (flame)
rCold    . . .     Gourm    .   c - +0 shield
rNeg     + . .     Faith    .   C - +1 leather armour of Liberalism {rF+ rN+}
rPois    .         Spirit   .   (no helmet)
rElec    .         Reflect  +   s - +0 cloak
rCorr    .         Harm     .   J - +1 pair of gloves {Dex+3}
MR       +....                  B - +0 pair of boots
Stlth    +.........             w - +5 amulet of reflection
HPRegen  0.22/turn              R - ring of wizardry
MPRegen  0.13/turn              p - ring of protection from magic

@: cleaving, sanguine armour
A: claws 2, blurry vision 1, clever 2, clumsy 1, demonic guardian 1,
deterioration 1, frail 1, foul stench 1, mutation resistance 1, rot immunity,
sanguine armour 1
a: Renounce Religion


You were in a volcano.
You worshipped Xom.
You were Xom's teddy bear.
You were hungry.

You visited 2 branches of the dungeon, and saw 13 of its levels.
You also visited: Volcano.

You collected 881 gold pieces.
You spent 65 gold pieces at shops.

Inventory:

Hand Weapons
 a - a +3 falchion of flaming (weapon)
 H - a +0 scimitar of distortion
Missiles
 e - 15 tomahawks (quivered)
Armour
 c - a +0 shield (worn)
 s - a +0 cloak (worn)
 B - a +0 pair of boots (worn)
 C - the +1 leather armour of Liberalism (worn) {rF+ rN+}
   (You found it on level 5 of the Dungeon)

   It protects you from fire.
   It protects you from negative energy.
 J - a +1 pair of gloves of dexterity (worn)
Magical Staves
 A - an uncursed staff of wizardry
Jewellery
 k - an uncursed ring of positive energy
 o - an uncursed ring of resist corrosion
 p - a ring of protection from magic (right hand)
 w - a +5 amulet of reflection (around neck)
 y - an uncursed ring of ice
 K - an uncursed ring of fire
 R - a ring of wizardry (left hand)
Wands
 F - a wand of polymorph (10)
 M - a wand of flame (28)
 O - a wand of acid (16)
Scrolls
 f - 6 scrolls of teleportation
 g - 4 scrolls of remove curse
 h - a scroll of blinking {unknown}
 i - 12 scrolls of identify
 j - a scroll of amnesia
 n - a scroll of summoning {unknown}
 t - a scroll of enchant weapon
 v - 2 scrolls of magic mapping
Potions
 d - 2 potions of haste
 l - 2 potions of cancellation
 u - 2 potions of ambrosia {unknown}
 x - a potion of berserk rage {unknown}
 G - 5 potions of magic {unknown}
 I - 2 potions of resistance {unknown}
 Q - a potion of mutation {unknown}
Miscellaneous
 b - a fan of gales
 E - a lamp of fire
Comestibles
 m - 23 rations
 q - 6 chunks of flesh


   Skills:
 * Level 8.1 Fighting
 + Level 12.5 Long Blades
 * Level 2.2 Armour
 * Level 1.7 Dodging
 * Level 8.5 Shields
 + Level 1.0 Spellcasting
 + Level 0.2 Charms
 + Level 0.2 Evocations


You had 10 spell levels left.
You knew the following spells:

 Your Spells              Type           Power        Failure   Level  Hunger
s - Song of Slaying       Chrm           #.......     36%         2    ###....

Your spell library contained the following spells:

 Spells                   Type           Power        Failure   Level  Hunger
 Apportation              Tloc           #.....       28%         1    ##.....
 Lightning Bolt           Conj/Air       #.........   100%        5    ######.
 Confuse                  Hex            #.......     61%         3    ####...
 Summon Small Mammal      Summ           #...         28%         1    ##.....
 Animate Skeleton         Necr           N/A          28%         1    ##.....
 Regeneration             Chrm/Necr      #.........   61%         3    ####...
 Tukima's Dance           Hex            #.......     61%         3    ####...
 Shock                    Conj/Air       #...         28%         1    ##.....
 Swiftness                Chrm/Air       #.......     38%         2    ###....
 Spider Form              Tmut/Pois      #.........   61%         3    ####...
 Blade Hands              Tmut           #.........   100%        5    ######.
 Ice Form                 Ice/Tmut       #.......     94%         4    #####..
 Airstrike                Air            #.........   94%         4    #####..
 Confusing Touch          Hex            #.....       28%         1    ##.....
 Sticks to Snakes         Tmut           #.......     38%         2    ###....
 Ensorcelled Hibernation  Hex/Ice        #.....       38%         2    ###....
 Metabolic Englaciation   Hex/Ice        #.........   100%        5    ######.
 Static Discharge         Conj/Air       #.......     61%         3    ####...
 Corona                   Hex            #......      28%         1    ##.....
 Petrify                  Tmut/Erth      #.......     94%         4    #####..
 Shroud of Golubria       Chrm/Tloc      #.........   38%         2    ###....
 Beastly Appendage        Tmut           #.....       28%         1    ##.....
 Dazzling Spray           Conj/Hex       #.....       61%         3    ####...
 Infusion                 Chrm           #...         26%         1    ##.....
 Spectral Weapon          Hex/Chrm       #.......     61%         3    ####...
 Gell's Gravitas          Tloc           #.........   61%         3    ####...
 Yara's Violent Unravell  Hex/Tmut       #.........   100%        5    ######.


Dungeon Overview and Level Annotations

Branches:
Dungeon (11/15)            Temple (0/1) D:4            Lair (2/6) D:10
    Orc (0/2) D:9
  Swamp: Lair:2-4    Shoals: Lair:2-4     Snake: Lair:2-4    Spider: Lair:2-4

Altars:
Ashenzari
Fedhas
Gozag
Kikubaaqudgha
Okawaru
Qazlal
Ru
Trog
Vehumet
Xom
Beogh

Shops:
D:7 *

Annotations:
D:7 exclusion: statue


Innate Abilities, Weirdness & Mutations

You have very sharp fingernails.
A weak demonic guardian rushes to your aid.
You may emit foul miasma when damaged in melee.
You are immune to rotting.
When seriously injured, your bleeding wounds create armour. (AC +6)
Scrolls take you a little longer to read.
Your mind is very acute. (Int +4)
You are clumsy. (Dex -2)
Your body sometimes deteriorates upon taking damage.
You are frail. (-10% HP)
You are somewhat resistant to further mutation.


Message History

The air gets thick with the scent of sulphur.
You block the ogre mage's attack.
You hit the ogre mage but do no damage.
The ogre mage is heavily wounded.
The ogre mage gestures at you while chanting.
The bolt of fire hits you! You resist.
* * * LOW HITPOINT WARNING * * *
You hit the ogre mage. You burn the ogre mage.
The ogre mage is heavily wounded.
Your shadow imp closely misses the ogre mage.
Okay, then.
Welcome back, Gremour the Demonspawn Chaos Knight.
Xom says: I'm watching you, my prodigal child.
Press ? for a list of commands and other information.
You feel better.
You are engulfed in blazing flames.
You resist.
* * * LOW HITPOINT WARNING * * *
The ogre mage is engulfed in blazing flames.
The ogre mage hits you with a spear of flaming!
You die...
Xom laughs nastily!

####### +!$.$!+
#..≈(.# #8≈≈≈8#
+§.§..+ +§§§§§+
≈ #8§§§8# §
≈§###§§§§§###≈≈
§≈§≈§§5@§§§§≈§≈#
§§≈§§8O§§8§§§§##
≈≈≈§§§§§§§§§###
##≈§§§§§§§§§#
#≈≈§8§§§8§##
####§§§§§##
#§§§§§# #8§§§8#
#.....#


You could see an ogre mage and a friendly shadow imp.

Vanquished Creatures
  A hydra (D:9)
  A centaur warrior (D:8)
  A two-headed ogre (D:8)
  A rime drake (Lair:1)
  2 trolls (D:9)
  2 dream sheep (D:9)
  A hippogriff (D:9)
  Sigmund (D:6)
  8 yaks
  A wraith (D:9)
  A vampire mosquito (D:9)
  A hungry ghost (D:8)
  A water moccasin (Lair:2)
  2 ice beasts
  8 orc warriors
  A sky beast (D:7)
  An eye of draining (D:8)
  A phantom (D:9)
  A black bear (D:10)
  5 ogres
  2 necrophages
  2 centaurs
  3 crocodiles
  6 big kobolds
  5 bullfrogs
  A gnoll sergeant (D:9)
  2 water moccasin zombies (D:10)
  A wyvern skeleton (D:8)
  2 scorpions
  A killer bee (D:9)
  3 wights
  2 crimson imps
  8 howler monkeys
  A bullfrog zombie (D:7)
  A quasit (D:9)
  3 hounds
  4 human skeletons (D:9)
  3 human zombies (D:9)
  7 orc priests
  2 bullfrog skeletons
  2 centaur skeletons
  A jelly (D:9)
  5 orc wizards
  2 iguanas (D:8)
  8 worker ants
  A killer bee zombie (D:9)
  An ogre zombie (D:9)
  A hound skeleton (D:4)
  A mummy (D:9)
  A howler monkey zombie (D:6)
  A worker ant zombie (D:5)
  10 adders
  5 gnolls
  An ooze (D:3)
  3 adder skeletons (D:6)
  An adder zombie (D:9)
  A worm (D:3)
  4 dart slugs
  2 leopard geckos
  31 orcs
  2 ball pythons
  3 giant cockroaches
  8 hobgoblins
  11 jackals
  15 kobolds
  A quokka (shapeshifter) (D:3)
  8 quokkas
  4 bats
  3 frilled lizards
  12 goblins
  An orc zombie (D:9)
  A quokka zombie (D:6)
  4 rats
255 creatures vanquished.

Vanquished Creatures (collateral kills)
  2 blink frogs (Lair:1)
  A yak (D:9)
  A golden eye (Lair:1)
  An orc warrior (D:8)
  An eye of draining (D:9)
  An ice beast (D:6)
  3 ogres
  2 crocodiles (Lair:2)
  A bullfrog (Lair:2)
  A scorpion (D:5)
  A killer bee (D:9)
  2 wights (D:10)
  2 crimson imps
  An iguana (D:9)
  A leopard gecko (D:7)
  5 orcs
  A giant cockroach (D:4)
  A jackal (D:7)
28 creatures vanquished.

Vanquished Creatures (others)
  A dancing weapon (D:9)
  An orc warrior (D:8)
  A black bear (D:6)
  2 centaurs
  A bullfrog (D:8)
  2 howler monkeys
  An adder (D:8)
  2 orcs
  10 fungi (D:10)
  A plant (D:10)
22 creatures vanquished.

Grand Total: 305 creatures vanquished

Notes
Turn   | Place    | Note
-------+----------+-------------------------------------------
     0 | D:1      | Gremour the Demonspawn Chaos Knight began the quest for the Orb.
     0 | D:1      | Reached XP level 1. HP: 18/18 MP: 1/1
    38 | D:1      | Reached skill level 3 in Long Blades
   180 | D:1      | XOM: divination: detect creatures
   197 | D:1      | XOM: divination: detect items
   253 | D:1      | XOM: 4-stop teleportation journey
   257 | D:1      | Gained mutation: When seriously injured, your bleeding wounds create armour. (AC +6) [demonic ancestry]
   257 | D:1      | Reached XP level 2. HP: 24/24 MP: 2/2
   555 | D:1      | XOM: noise
   701 | D:2      | Gained mutation: You have sharp fingernails. [demonic ancestry]
   701 | D:2      | Reached XP level 3. HP: 12/29 MP: 3/3
   776 | D:2      | XOM: scenery: create altars
  1088 | D:2      | XOM: harmless Tloc miscast
  1308 | D:2      | Reached skill level 4 in Long Blades
  1716 | D:2      | XOM: divination: detect items
  1794 | D:3      | XOM: mild Air miscast
  1796 | D:3      | Gained mutation: You have very sharp fingernails. [demonic ancestry]
  1796 | D:3      | Reached XP level 4. HP: 13/35 MP: 4/4
  2065 | D:3      | Found a sacrificial altar of Ru.
  2159 | D:3      | XOM: butterfly on damage
  2264 | D:3      | Reached skill level 5 in Long Blades
  2269 | D:3      | XOM: enchant monster (bad)
  2278 | D:3      | XOM: confuse monster(s)
  2285 | D:3      | Reached XP level 5. HP: 21/41 MP: 5/5
  2520 | D:4      | Noticed an ogre
  2528 | D:4      | Noticed an ogre
  2534 | D:4      | Killed an ogre
  2534 | D:4      | Reached skill level 6 in Long Blades
  2535 | D:4      | XOM: divination: detect creatures
  2539 | D:4      | Killed an ogre
  2539 | D:4      | Gained mutation: A weak demonic guardian rushes to your aid. [demonic ancestry]
  2539 | D:4      | Reached XP level 6. HP: 7/47 MP: 6/6
  2712 | D:4      | XOM: divination: magic mapping
  2856 | D:4      | XOM: enchant monster (good)
  3063 | D:4      | XOM: harmless Chrm miscast
  3074 | D:4      | XOM: divination: magic mapping
  3182 | D:4      | Reached skill level 7 in Long Blades
  3219 | D:4      | Found a shattered altar of Ashenzari.
  3232 | D:4      | XOM: cloud trail
  3267 | D:4      | Found a staircase to the Ecumenical Temple.
  3270 | D:4      | XOM: harmless Air miscast
  3278 | D:4      | XOM: divination: detect items
  3279 | D:4      | Reached XP level 7. HP: 17/52 MP: 7/7
  3291 | D:4      | Gained mutation: You tend to lose your temper in combat. [mutagenic glow]
  3314 | D:4      | Gained mutation: Scrolls take you a little longer to read. [mutagenic glow]
  3348 | D:4      | Gained mutation: Scrolls take you longer to read. [mutagenic glow]
  3394 | D:4      | Gained mutation: Your body sometimes deteriorates upon taking damage. [mutagenic glow]
  3458 | D:4      | Lost mutation: You tend to lose your temper in combat. [mutagenic glow]
  3535 | D:4      | XOM: divination: magic mapping
  3651 | D:5      | Entered Level 5 of the Dungeon
  3856 | D:5      | XOM: divination: magic mapping
  3872 | D:5      | Found a bloodstained altar of Trog.
  3897 | D:5      | Found an iron altar of Okawaru.
  3923 | D:5      | XOM: summons friendly quasit
  4058 | D:5      | XOM: blink monster(s)
  4078 | D:5      | Reached skill level 8 in Long Blades
  4663 | D:5      | Got a sapphire-encrusted leather armour
  4674 | D:5      | Identified the cursed +1 leather armour of Liberalism {rF+ rN+} (You found it on level 5 of the Dungeon)
  5081 | D:5      | Learned a level 2 spell: Song of Slaying
  5243 | D:6      | XOM: noise
  5278 | D:6      | XOM: smoke on damage
  5333 | D:6      | XOM: noise
  5385 | D:6      | Found a stormy altar of Qazlal.
  5385 | D:6      | XOM: 2-stop teleportation journey
  5416 | D:6      | Gained mutation: You are immune to rotting. [demonic ancestry]
  5416 | D:6      | Reached XP level 8. HP: 60/60 MP: 8/8
  5469 | D:6      | XOM: mild Pois miscast
  5529 | D:6      | Got an ancient hunting sling
  5530 | D:6      | Identified the +4 hunting sling of Lagar {venom, Int+2 Dex+4 SInv} (You found it on level 6 of the Dungeon)
  5656 | D:6      | XOM: potion effect (might)
  5909 | D:6      | XOM: 2-stop teleportation journey
  5934 | D:6      | Noticed Sigmund
  5935 | D:6      | XOM: confuse monster(s)
  5952 | D:6      | Killed Sigmund
  5952 | D:6      | Reached skill level 9 in Long Blades
  5952 | D:6      | Reached skill level 1 in Shields
  5962 | D:6      | Found a shimmering altar of Xom.
  6356 | D:6      | XOM: polymorph orc wizard -> gnoll
  6593 | D:7      | XOM: give mutation
  6593 | D:7      | Gained mutation: You are somewhat resistant to further mutation. [Xom's grace]
  6809 | D:7      | XOM: swap monsters
  6811 | D:7      | XOM: summons 4 hostile demons
  6836 | D:7      | XOM: harmless Tmut miscast
  6865 | D:7      | Reached skill level 5 in Fighting
  6866 | D:7      | XOM: noise
  6984 | D:7      | XOM: harmless Pois miscast
  7005 | D:7      | XOM: medium Ice miscast
  7213 | D:7      | XOM: harmless Summ miscast
  7221 | D:7      | XOM: divination: detect items
  7275 | D:7      | Reached XP level 9. HP: 62/68 MP: 9/9
  7294 | D:7      | XOM: noise
  7300 | D:7      | Found an opulent altar of Gozag.
  7347 | D:7      | Found Syroikeo's General Store.
  7351 | D:7      | Bought a potion of heal wounds for 65 gold pieces
  7378 | D:7      | XOM: scenery: create altars
  7697 | D:7      | Found a radiant altar of Vehumet.
  7926 | D:7      | XOM: divination: detect creatures
  7981 | D:8      | XOM: silly message
  7985 | D:8      | XOM: potion effect (brilliance)
  8044 | D:8      | Reached skill level 10 in Long Blades
  8833 | D:9      | Noticed a cyclops
  8847 | D:9      | Noticed a troll
  8864 | D:9      | XOM: confuse monster(s)
  8874 | D:9      | XOM: potion effect (curing)
  8875 | D:9      | XOM: 1-stop teleportation journey
  9059 | D:9      | XOM: smoke on damage
  9064 | D:9      | XOM: polymorph orc wizard -> howler monkey
  9088 | D:9      | XOM: summons friendly white imp
  9096 | D:9      | Killed a troll
  9096 | D:9      | Reached skill level 11 in Long Blades
  9096 | D:9      | Reached skill level 5 in Shields
  9096 | D:9      | Reached skill level 1 in Spellcasting
  9098 | D:9      | XOM: enchant monster (good)
  9103 | D:9      | Gained mutation: You may emit foul miasma when damaged in melee. [demonic ancestry]
  9103 | D:9      | Reached XP level 10. HP: 24/76 MP: 4/11
  9365 | D:9      | XOM: god gift: robe {god gift}
  9375 | D:9      | Noticed a two-headed ogre
  9381 | D:9      | Found a roughly hewn altar of Beogh.
  9381 | D:9      | Found a staircase to the Orcish Mines.
  9406 | D:9      | XOM: summons 4 friendly demons
  9410 | D:9      | Noticed a centaur warrior
  9689 | D:8      | Killed a centaur warrior
  9714 | D:8      | Killed a two-headed ogre
  9789 | D:8      | XOM: scenery: 1 doors close
  9919 | D:8      | XOM: god gift: 3 needles of sleeping
  9991 | D:8      | XOM: cast spell 'Leda's Liquefaction'
 10386 | D:9      | Noticed a two-headed hydra
 10399 | D:9      | Killed a one-headed hydra
 10424 | D:9      | XOM: summons 3 friendly demons
 10448 | D:9      | Gained mutation: You are clumsy. (Dex -2) [mutagenic glow]
 10508 | D:9      | XOM: confuse monster(s)
 10519 | D:9      | XOM: enchant monster (good)
 10537 | D:9      | XOM: enchant monster (good)
 10664 | D:8      | XOM: silly message
 10747 | D:8      | XOM: noise
 10865 | D:8      | Got a transparent quarterstaff {crush}
 10871 | D:8      | Identified the cursed +1 quarterstaff of Usemyerch {crush, Int+3} (You took it off an orc warrior on level 8 of the Dungeon)
 11031 | D:8      | XOM: noise
 11213 | D:9      | XOM: confuse monster(s)
 11239 | D:9      | Reached skill level 12 in Long Blades
 11775 | D:9      | XOM: mild Air miscast
 11839 | D:9      | Reached XP level 11. HP: 57/84 MP: 8/12
 11915 | D:9      | XOM: swap monsters
 12057 | D:9      | XOM: noise
 12061 | D:9      | XOM: medium Erth miscast
 12294 | D:9      | Found an ancient bone altar of Kikubaaqudgha.
 12380 | D:9      | XOM: summons 4 hostile demons
 12624 | D:10     | Entered Level 10 of the Dungeon
 12631 | D:10     | Upgraded the game from 0.22-b1-26-g9dbaab1 to 0.22-b1-59-g0aedee7
 12643 | D:10     | Found a blossoming altar of Fedhas.
 12643 | D:10     | XOM: 3-stop teleportation journey
 12745 | D:10     | XOM: mild Summ miscast
 12786 | D:11     | Noticed a white ugly thing
 12819 | D:10     | XOM: 1-stop teleportation journey
 12853 | D:10     | XOM: summons 3 hostile shadow creatures
 13290 | D:10     | XOM: 3-stop teleportation journey
 13368 | D:10     | XOM: give mutations
 13368 | D:10     | Gained mutation: You are frail. (-10% HP) [Xom's mischief]
 13368 | D:10     | Gained mutation: Armour fits poorly on your strangely shaped body. [Xom's mischief]
 13368 | D:10     | Lost mutation: Scrolls take you longer to read. [Xom's mischief]
 13368 | D:10     | Lost mutation: Armour fits poorly on your strangely shaped body. [Xom's mischief]
 13455 | D:10     | XOM: medium Air miscast
 13784 | D:10     | Found a staircase to the Lair.
 13893 | D:10     | XOM: fog
 14067 | D:10     | XOM: harmless Hex miscast
 14192 | Lair:1   | Entered Level 1 of the Lair of Beasts
 14478 | Lair:1   | XOM: confuse monster(s)
 14479 | Lair:1   | XOM: polymorph blink frog -> raiju
 14480 | Lair:1   | XOM: fake destruction
 14482 | Lair:1   | Reached skill level 1 in Dodging
 14487 | Lair:1   | XOM: polymorph raiju -> golden eye
 14613 | Lair:1   | XOM: fake destruction
 14706 | Lair:1   | XOM: give mutations
 14706 | Lair:1   | Gained mutation: Your mind is acute. (Int +2) [Xom's grace]
 14706 | Lair:1   | Gained mutation: Your mind is very acute. (Int +4) [Xom's grace]
 14890 | Lair:1   | XOM: confuse monster(s)
 15216 | Lair:2   | XOM: fog
 15219 | Lair:2   | Found a dark tunnel.
 15243 | Volcano  | Entered a volcano
 15259 | Volcano  | Noticed an ogre mage
 15260 | Volcano  | XOM: cleaving
 15263 | Volcano  | Found a burning altar of Makhleb.
 15270 | Volcano  | XOM: cleaving
 15274 | Volcano  | Slain by an ogre mage

Skill      XL: |  1  2  3  4  5  6  7  8  9 10 11 |
---------------+----------------------------------+-----
Long Blades    | 3 4 5 6 7 8 9 11 12 | 12.5
Fighting       | 5 6 7 8 |  8.1
Shields        | 3 5 7 8 |  8.5
Spellcasting   | 1 |  1.0
Dodging        | 1 |  1.7
Armour         | 2 |  2.2
Charms         | |  0.2
Evocations     | |  0.2

Action                   |  1- 3 |  4- 6 |  7- 9 | 10-12 || total
-------------------------+-------+-------+-------+-------++-------
Melee: Falchion          |   116 |   102 |   305 |   610 ||  1133
       Unarmed           |       |     9 |       |       ||     9
       Scimitar          |       |       |   120 |    77 ||   197
 Fire: Hunting sling     |       |       |     4 |       ||     4
Throw: Tomahawk          |       |       |       |     1 ||     1
 Cast: Song of Slaying   |       |       |     1 |       ||     1
Evoke: Wand              |       |       |     3 |       ||     3
  Use: Potion            |       |     4 |     5 |     7 ||    16
       Scroll            |       |       |     2 |    15 ||    17
 Stab: Paralysed         |     2 |     8 |       |       ||    10
       Petrifying        |       |     1 |       |       ||     1
       Distracted        |       |       |     3 |     4 ||     7
       Sleeping          |       |       |     1 |       ||     1
       Confused          |       |       |       |     4 ||     4
       Invisible         |       |       |       |     2 ||     2
  Eat: Chunk             |     3 |     5 |     5 |     5 ||    18
       Ration            |       |       |     5 |     4 ||     9
Armor: Leather armour    |    45 |    26 |   101 |   105 ||   277
Dodge: Dodged            |    59 |    60 |   104 |   119 ||   342
Block: Other             |       |     3 |     9 |     3 ||    15
       Shield            |       |       |   190 |   362 ||   552
       Reflection        |       |       |     9 |     9 ||    18
       Rpst.: Falchion   |    21 |    14 |    20 |    24 ||    79
       Scimitar          |       |       |     9 |     6 ||    15
